 Dungeon Crawl Stone Soup version 0.31-a0-408-gb642c7f9a3 (webtiles) character file.

Game seed: 8909935584165636096

250 HallandMoats the Trooper (level 5, -16/44 HPs)
             Began as a Demonspawn Fighter on July 28, 2023.
             Was an Initiate of Qazlal.
             Demolished by an ogre
             ... wielding a +0 giant club
              (19 damage)
             ... on level 4 of the Dungeon on July 29, 2023.
             The game lasted 00:04:08 (2779 turns).

HallandMoats the Trooper (Demonspawn Fighter)       Turns: 2779, Time: 00:04:09

Health: -16/44     AC:  8    Str: 18    XL:     5   Next: 88%
Magic:  7/7        EV:  9    Int: 10    God:    Qazlal [......]
Gold:   130        SH:  8    Dex: 12    Spells: 4/4 levels left

rFire   . . .        a - +0 war axe
rCold   . . .        c - +0 buckler
rNeg    . . .        b - +0 scale mail
rPois   .            p - +0 helmet
rElec   .            (no cloak)
rCorr   .            (no gloves)
SInv    .            q - +0 pair of boots
Will    .....        (no amulet) Stlth
                     (no ring)
HPRegen 0.27/turn    (no ring)
MPRegen 0.10/turn

%: no passive effects
@: no status effects
A: foul stench 1, condensation shield, demonic touch 1
a: Renounce Religion


You were on level 4 of the Dungeon.
You worshipped Qazlal.
Qazlal was noncommittal.
You visited 1 branch of the dungeon, and saw 4 of its levels.

You collected 130 gold pieces.

Inventory:

Hand Weapons
 a - a +0 war axe (weapon)
Armour
 b - a +0 scale mail (worn)
 c - a +0 buckler (worn)
 p - a +0 helmet (worn)
 q - a +0 pair of boots (worn)
Jewellery
 j - an amulet of magic regeneration
Scrolls
 e - a scroll of immolation {unknown}
 h - a scroll of enchant weapon {unknown}
 i - a scroll of identify {unknown}
 n - a scroll of revelation {unknown}
 o - 2 scrolls of teleportation {unknown}
Potions
 d - a potion of might
 f - 3 potions of curing
 g - a potion of resistance {unknown}
 k - 2 potions of heal wounds {unknown}
 l - a potion of cancellation {unknown}
 m - 2 potions of haste {unknown}


   Skills:
 + Level 5.1 Fighting
 + Level 3.1 Axes
 - Level 2.6 Armour
 - Level 2.6 Shields
 * Level 3.5 Invocations


You had 4 spell levels left.
You didn't know any spells.
Your spell library contained the following spells:

 Spells                   Type           Power      Damage    Failure   Level
 Magic Dart               Conj           0%         1d3       83%         1
 Summon Small Mammal      Summ           0%         N/A       83%         1
 Blink                    Tloc           0%         N/A       93%         2
 Call Imp                 Summ           0%         N/A       93%         2
 Lesser Beckoning         Tloc           0%         N/A       93%         2
 Call Canine Familiar     Summ           0%         N/A       99%         3
 Gell's Gravitas          Tloc           0%         N/A       99%         3
 Mephitic Cloud           Conj/Pois/Air  0%         N/A       99%         3
 Summon Guardian Golem    Hex/Summ       0%         N/A       99%         3
 Teleport Other           Tloc           0%         N/A       99%         3
 Manifold Assault         Tloc           0%         N/A       100%        4


Dungeon Overview and Level Annotations

Branches:
Dungeon (4/15)
 Temple: D:4-7

Altars:
Fedhas
Qazlal


Innate Abilities, Weirdness & Mutations

You may rarely emit foul miasma when damaged in melee.
A meltable shield of frost defends you. (SH +4)
Your touch may inflict minor irresistible damage on your foes.


Message History

There is a stone staircase leading down here.
You climb downwards.
Found a stone staircase leading up.
There is a stone staircase leading up here.
Found an escape hatch in the floor.
There is an escape hatch in the floor here.
Found a stone staircase leading down.
A goblin comes into view. It is wielding a +0 dagger.
A goblin is nearby!
A goblin is nearby!
A goblin is nearby!
A goblin is nearby!
A goblin is nearby!
The goblin shouts!
You slash the goblin!
You kill the goblin!
Qazlal accepts your kill.
Things that are here:
a +0 dagger; a goblin corpse An ogre comes into view.
It is wielding a +0 giant club.
The ogre shouts!
Found a stone staircase leading down.
An endoplasm comes into view.
Found a leather armour.
An endoplasm comes into view.
The endoplasm quivers.
The ogre hits you with a +0 giant club!
You emit a cloud of foul miasma!
There are monsters nearby!
Unknown command.
The ogre is engulfed in dark miasma.
The ogre is poisoned.
The ogre hits you with a +0 giant club! The ogre attacks as you move away!
The ogre hits you with a +0 giant club!
* * * LOW HITPOINT WARNING * * *
The endoplasm attacks as you move away! The endoplasm barely misses you.
The ogre is engulfed in dark miasma.
The ogre looks even sicker.
The ogre seems to slow down.
The ogre is no longer moving slowly.
The ogre attacks as you move away!
The ogre hits you with a +0 giant club!!
You die...

#... #... ########...
###..# ........... #.....
........... ..## #....
........... ....###...#
###.####...
...>......#######...##.....
#...#.#...#........>#..##..
##.......J@.#..###.##.##...
..[.....JO##..####.........
..............)...........#
.......#°....########..##.#
..........##.# #### .#
.............#
.#...........#
.............#
.............#


You could see an ogre (very poisoned) and 2 endoplasms.

Vanquished Creatures
  A centaur (D:3)
  An orc priest (D:3)
  3 gnolls (D:3)
  2 adders (D:3)
  3 worms
  2 dart slugs (D:1)
  6 orcs (D:3)
  6 endoplasms
  2 giant cockroaches
  8 goblins
  4 hobgoblins
  A jackal (D:3)
  6 quokkas
  5 ball pythons
  8 bats
  5 frilled lizards
  3 kobolds
  11 rats
77 creatures vanquished.

Notes
Turn   | Place    | Note
-------+----------+-------------------------------------------
     0 | D:1      | HallandMoats the Demonspawn Fighter began the quest for the
                  | Orb.
     0 | D:1      | Reached XP level 1. HP: 18/18 MP: 1/1
   137 | D:1      | Reached skill level 1 in Invocations
   137 | D:1      | Gained mutation: Your touch may inflict minor irresistible
                  | damage on your foes. [demonic ancestry]
   137 | D:1      | Reached XP level 2. HP: 23/24 MP: 2/2
   330 | D:1      | Reached XP level 3. HP: 30/30 MP: 4/4
   620 | D:1      | Found a faded altar of an unknown god.
  1110 | D:2      | Upgraded the game from 0.31-a0-369-g8eba5f6939 to
                  | 0.31-a0-408-gb642c7f9a3
  1496 | D:2      | Reached skill level 4 in Fighting
  1735 | D:3      | Gained mutation: You may rarely emit foul miasma when
                  | damaged in melee. [demonic ancestry]
  1735 | D:3      | Reached XP level 4. HP: 37/37 MP: 5/5
  1905 | D:3      | Found a blossoming altar of Fedhas.
  2011 | D:3      | Gained mutation: A meltable shield of frost defends you.
                  | (SH +4) [demonic ancestry]
  2011 | D:3      | Reached XP level 5. HP: 4/43 MP: 7/7
  2185 | D:3      | Found a stormy altar of Qazlal.
  2188 | D:3      | Noticed a centaur
  2197 | D:3      | Killed a centaur
  2198 | D:3      | Reached skill level 5 in Fighting
  2203 | D:3      | Became a worshipper of Qazlal Stormbringer
  2769 | D:4      | Noticed an ogre
  2776 | D:4      | HP: 2/44 [ogre/+0 giant club (15)]
  2779 | D:4      | Demolished by an ogre

Illustrated notes

Levels and vault maps discovered:
D:1:      amcnicky_arrival_choice, layout_basic,
          shapermc_ecumenical_altar_mp_vishouse
D:2:      layout_basic
D:3:      layout_loops_corners, grunt_temple_overflow_forces_of_nature,
          minmay_fractal_squares_diagonal_5
D:4:      minmay_chambers_of_fours, layout_rooms, overflow_temple_1_default,
          trog_butcher_becter

Skill      XL: |  1  2  3  4  5 |
---------------+----------------+-----
Axes           | 2 3 |  3.1
Invocations    | 1 2 3 |  3.5
Fighting       | 4 5 |  5.1
Armour         | |  2.6
Shields        | |  2.6

Action                     |  1- 3 |  4- 6 || total
---------------------------+-------+-------++-------
  Melee: War axe           |   108 |    68 ||   176
    Use: Potion            |       |     1 ||     1
 Armour: Scale mail        |    58 |    50 ||   108
  Dodge: Dodged            |    46 |    37 ||    83
  Block: Buckler           |    19 |    43 ||    62

Table legend: (Time is in decaauts)
 A = Elapsed time spent in this place.
 B = Non-inter-level travel time spent in this place.
 C = Inter-level travel time spent in this place.
 D = Time resting spent in this place.
 E = Time spent auto-exploring this place.
 F = Levels seen in this place.
 G = Mean time per level.
                   A        B        C        D        E       F      G
               +--------+--------+--------+--------+--------+-----+--------+
         Total |   2851 |   2696 |    155 |    154 |   1943 |   4 |  712.8 |
       Dungeon |   2851 |   2696 |    155 |    154 |   1943 |   4 |  712.8 |
               +--------+--------+--------+--------+--------+-----+--------+

Top non-repeatable levels by time:
     D:3: 1159 daAuts
     D:2: 827 daAuts
     D:1: 819 daAuts
     D:4: 45 daAuts
